 Dungeon Crawl Stone Soup version 0.22.1-2-g9c5b331 (webtiles) character file.

344 Kaits the Skirmisher (level 6, -5/53 HPs)
             Began as a Demonspawn Chaos Knight on Dec 28, 2018.
             Slain by a small abomination (15 damage)
             ... summoned by the capriciousness of Xom
             ... on level 3 of the Dungeon.
             The game lasted 00:18:20 (1886 turns).

Kaits the Skirmisher (Demonspawn Chaos Knight)      Turns: 1886, Time: 00:18:21

Health: -5/53      AC:  7    Str: 13    XL:     6   Next: 31%
Magic:  6/6        EV: 13    Int: 18    God:    Xom [......]
Gold:   63         SH:  0    Dex: 13    Spells: 5/5 levels left

rFire    . . .     SeeInvis +   h - +2 spear (venom)
rCold    . . .     Gourm    .   (no shield)
rNeg     . . .     Faith    .   b - +2 leather armour
rPois    .         Spirit   .   (helmet restricted)
rElec    .         Reflect  .   (no cloak)
rCorr    .         Harm     .   k - +1 pair of gloves
MR       .....                  (no boots)
Stlth    +.........             (no amulet)
HPRegen  0.17/turn              x - ring of flight
MPRegen  0.10/turn              i - ring of see invisible

@: hasted, very quick
A: horns 1, clever 2, robust 1, screaming 1, sturdy frame 1
a: Renounce Religion, Evoke Flight


You were on level 3 of the Dungeon.
You worshipped Xom.
You were a very special plaything of Xom.
You were not hungry.

You visited 1 branch of the dungeon, and saw 3 of its levels.

You collected 63 gold pieces.

Inventory:

Hand Weapons
 a - a +0 hand axe of chaos
 h - a +2 spear of venom (weapon)
Missiles
 d - 42 stones (quivered)
 g - 22 poisoned needles
 m - 37 arrows
 o - 29 sling bullets
Armour
 b - a +2 leather armour (worn)
 k - a +1 pair of gloves (worn)
Jewellery
 i - a ring of see invisible (right hand)
 l - an uncursed ring of positive energy
 v - an uncursed ring of fire {unknown}
 x - a ring of flight (left hand)
Scrolls
 e - a scroll of noise
 f - a scroll of fog
 n - a scroll of identify
 q - a scroll of remove curse
 t - 3 scrolls of teleportation
Potions
 j - a potion of brilliance {unknown}
 p - a potion of degeneration {unknown}
 s - a potion of haste
 u - a potion of curing {unknown}
 w - a potion of invisibility {unknown}
 z - a potion of lignification {unknown}
Comestibles
 c - 2 rations


   Skills:
 + Level 4.3 Fighting
 + Level 3.9 Axes
 + Level 3.3 Armour
 + Level 3.0 Dodging


You had 5 spell levels left.
You didn't know any spells.
Your spell library was empty.

Dungeon Overview and Level Annotations

Branches:
Dungeon (3/15)

Altars:
Ashenzari
Fedhas
Gozag
Okawaru
Vehumet
Xom


Innate Abilities, Weirdness & Mutations

You have a pair of small horns on your head.
Your movements are slightly less encumbered by armour. (ER -2)
Your mind is very acute. (Int +4)
You are robust. (+10% HP)
You occasionally shout uncontrollably at your foes.


Message History

You are now a very special plaything of Xom.
You hit the small abomination.
The small abomination is lightly damaged.
The small abomination misses you.
The small abomination barely misses you.
You completely miss the small abomination.
The small abomination is lightly damaged.
The small abomination hits your butterfly!
Your butterfly dies!
The small abomination barely misses you.
You hit the small abomination.
The small abomination is moderately damaged.
The small abomination hits you!
* * * LOW HITPOINT WARNING * * *
You feel yourself speed up.
The small abomination hits you but does no damage.
The small abomination hits you.
* * * LOW HITPOINT WARNING * * *
The small abomination hits you!
You die...

##############.........##...#
#.........####.#
########.#.#.# #.# ####
#..........#.# #.# ...#
#............# #.# ...#
#..........#.# #.# ...#
#....b...b.#.####.# ...#
###xx).......#....# ####
#@.........#.####
#...#####..#.# #...# #..#.###
#...# ##.#...# #...# #>###.#
#...# #####.# #...# #....#
##### ###.### #...#


You could see 2 small abominations.

Vanquished Creatures
  Sigmund (D:2)
  Jessica (D:2)
  A worker ant (D:2)
  A worker ant zombie (D:2)
  An adder (D:3)
  3 adder zombies (D:2)
  An adder skeleton (D:2)
  A worm (D:2)
  A dart slug (D:1)
  2 leopard geckos (D:1)
  A bat skeleton (D:2)
  2 bat zombies (D:2)
  3 giant cockroaches (D:2)
  5 goblins (D:1)
  7 hobgoblins
  9 kobolds
  A quokka (D:2)
  A ball python (D:1)
  7 bats
  A jackal skeleton (D:2)
  A leopard gecko skeleton (D:2)
  A quokka skeleton (D:2)
  A quokka zombie (D:2)
  6 rats
  A withered plant (D:2)
60 creatures vanquished.

Vanquished Creatures (collateral kills)
  A phantom (D:3)
  A bat (D:3)
2 creatures vanquished.

Grand Total: 62 creatures vanquished

Notes
Turn   | Place    | Note
-------+----------+-------------------------------------------
     0 | D:1      | Kaits the Demonspawn Chaos Knight began the quest for the
                  | Orb.
     0 | D:1      | Reached XP level 1. HP: 18/18 MP: 1/1
    34 | D:1      | XOM: butterfly on damage
    64 | D:1      | Reached skill level 1 in Dodging
   142 | D:1      | Gained mutation: Your movements are slightly less
                  | encumbered by armour. (ER -2) [demonic ancestry]
   142 | D:1      | Reached XP level 2. HP: 15/24 MP: 2/2
   217 | D:1      | XOM: harmless Pois miscast
   569 | D:2      | Noticed Jessica
   571 | D:2      | XOM: potion effect (haste)
   579 | D:2      | Killed Jessica
   579 | D:2      | Reached XP level 3. HP: 27/29 MP: 3/3
   581 | D:2      | Noticed Sigmund
   591 | D:2      | Killed Sigmund
   591 | D:2      | Reached skill level 4 in Fighting
   591 | D:2      | Reached XP level 4. HP: 26/37 MP: 4/4
   591 | D:2      | Gained mutation: You have a pair of small horns on your
                  | head. [demonic ancestry]
   591 | D:2      | Reached XP level 5. HP: 30/42 MP: 5/5
   676 | D:2      | XOM: harmless Ice miscast
   829 | D:2      | XOM: potion effect (agility)
   870 | D:2      | XOM: harmless Conj miscast
   871 | D:2      | Reached XP level 6. HP: 38/48 MP: 6/6
   896 | D:2      | Gained mutation: Your mind is acute. (Int +2) [potion of
                  | mutation]
   896 | D:2      | Gained mutation: You are robust. (+10% HP) [potion of
                  | mutation]
   896 | D:2      | Gained mutation: You occasionally shout uncontrollably at
                  | your foes. [potion of mutation]
   896 | D:2      | Gained mutation: Your mind is very acute. (Int +4) [potion
                  | of mutation]
   944 | D:2      | XOM: god gift: chain mail {god gift}
  1031 | D:2      | Found a shattered altar of Ashenzari.
  1191 | D:2      | XOM: cloud trail
  1203 | D:2      | XOM: scenery: create altars
  1263 | D:2      | XOM: scenery: 3 doors open
  1310 | D:2      | Found an iron altar of Okawaru.
  1315 | D:2      | Found a blossoming altar of Fedhas.
  1365 | D:2      | Found an opulent altar of Gozag.
  1575 | D:3      | XOM: summons 6 friendly demons
  1629 | D:3      | XOM: mild Erth miscast
  1686 | D:3      | XOM: cloud trail
  1718 | D:3      | Found a radiant altar of Vehumet.
  1879 | D:3      | XOM: medium Summ miscast
  1881 | D:3      | XOM: butterfly on damage
  1886 | D:3      | Slain by a small abomination

Skill      XL: |  1  2  3  4  5  6 |
---------------+-------------------+-----
Dodging        | 1 2 3 |  3.0
Armour         | 2 3 |  3.3
Axes           | 3 |  3.9
Fighting       | 4 |  4.3

Action                   |  1- 3 |  4- 6 || total
-------------------------+-------+-------++-------
Melee: Hand axe          |    25 |       ||    25
       Spear             |    48 |   168 ||   216
       Headbutt          |       |    38 ||    38
Throw: Stone             |     2 |    10 ||    12
  Use: Scroll            |     1 |    10 ||    11
       Potion            |     1 |     4 ||     5
  Eat: Ration            |       |     1 ||     1
Armor: Leather armour    |    12 |    58 ||    70
       Scale mail        |    34 |     2 ||    36
Dodge: Dodged            |    40 |    97 ||   137
